 Dungeon Crawl Stone Soup version 0.18-a0-1805-g8ab820f (webtiles) character file.

46 manas the Shield-Bearer (level 3, -1/24 HPs)
             Began as a Gargoyle Fighter on Apr 26, 2016.
             Killed from afar by Natasha (4 damage)
             ... with a magic dart
             ... on level 2 of the Dungeon.
             The game lasted 00:04:58 (1209 turns).

manas the Shield-Bearer (Gargoyle Fighter)          Turns: 1209, Time: 00:04:58

Health: -1/24      AC: 10    Str: 20    XL:     3   Next: 66%
Magic:  3/3        EV:  7    Int:  8    God:
Gold:   45         SH:  9    Dex:  9    Spells: 0 memorised, 2 levels left

rFire  . . .     SeeInvis .     a - +0 flail
rCold  . . .     Gourm    .     b - +0 scale mail
rNeg   + . .     Faith    .     c - +0 shield
rPois  ∞         Spirit   .     (no helmet)
rElec  +         Dismiss  .     (no cloak)
rCorr  .         Reflect  .     (no gloves)
SustAt .         Harm     .     (no boots)
MR     .....                    (no amulet)
Stlth  ..........               (no ring)
                                (no ring)

@: not resistant to hostile enchantments, extremely unstealthy
A: negative energy resistance 1, electricity resistance, unbreathing,
petrification resistance, rot immunity, AC +3
a: no special abilities


You were on level 2 of the Dungeon.
You were not hungry.

You visited 1 branch of the dungeon, and saw 2 of its levels.

You collected 45 gold pieces.

Inventory:

Hand Weapons
 a - a +0 flail (weapon)
Armour
 b - a +0 scale mail (worn)
 c - a +0 shield (worn)
Scrolls
 e - a scroll of recharging {unknown}
 h - a scroll of identify {unknown}
 k - a scroll of remove curse {unknown}
Potions
 d - a potion of might
 i - a potion of cancellation {unknown}
Comestibles
 f - 3 bread rations
 g - a beef jerky


   Skills:
 + Level 3.7 Fighting
 + Level 2.2 Maces & Flails
 + Level 3.7 Armour
 + Level 0.4 Dodging
 + Level 4.0 Shields


You had 2 spell levels left.
You didn't know any spells.

Dungeon Overview and Level Annotations

Branches:
Dungeon (2/15)

Altars:

Annotations:
D:2 Natasha


Innate Abilities, Weirdness & Mutations

You are resistant to torment.
Your stone body is resilient (AC +3).
You are immune to poison.
You resist negative energy.
You are resistant to electric shocks.
You can survive without breathing.
You are immune to petrification.
You are immune to rotting.


Message History

Natasha hisses angrily.
Natasha stares at you and mumbles some strange words.
You resist with significant effort.
Your shield and scale mail prevent you from hitting the hobgoblin.
The hobgoblin hits you but does no damage.
You barely miss the hobgoblin. The hobgoblin completely misses you.
Natasha wildly gestures.
Natasha glows brightly for a moment.
You block the hobgoblin's attack.
You sock the hobgoblin!
You kill the hobgoblin!
Natasha casts a spell at you. The magic dart hits you!
Natasha claws you but does no damage.
You see here a hobgoblin corpse.
Natasha casts a spell at you. The magic dart hits you!
* * * LOW HITPOINT WARNING * * *
Natasha casts a spell at you. The magic dart hits you!
You die...

.§.§....#### §≈≈§≈≈.....#
§§.≈.......# #
#..≈.#..#..###.#
#.......#....#.#
........#......
#.........#.###
#...†h@....#
...........#...############
..........####.............
........#.#...><...........
.#......#.##...############
#.##.....##...# #.
#.....##...# # #####.##...#
#...#


You could see Natasha.

Vanquished Creatures
  2 adders (D:2)
  A giant gecko (D:2)
  A bat (D:2)
  2 goblins (D:1)
  5 hobgoblins
  A quokka (D:2)
  2 ball pythons
  4 giant newts
  5 kobolds
  4 rats
27 creatures vanquished.

Notes
Turn   | Place    | Note
--------------------------------------------------------------
     0 | D:1      | manas the Gargoyle Fighter began the quest for the Orb.
     0 | D:1      | Reached XP level 1. HP: 14/14 MP: 1/1
    94 | D:1      | Reached XP level 2. HP: 16/19 MP: 2/2
   908 | D:2      | Reached XP level 3. HP: 23/23 MP: 3/3
  1192 | D:2      | Reached skill level 4 in Shields
  1200 | D:2      | Noticed Natasha
  1209 | D:2      | Killed from afar by Natasha

Vault maps used:
D:1:      wheals_arrival_shading
D:2:      gammafunk_temple_overflow_statue, first_bread, ecumenical_altar_1,
          serial_park_tiny_pond, grunt_pakellas_sulfur, uniq_jessica,
          uniq_natasha, uniq_terence

Skill      XL: |  1  2  3 |
---------------+----------+-----
Shields        | 4 |  4.0
Fighting       | |  3.7
Maces & Flails | |  2.2
Armour         | |  3.7
Dodging        | |  0.4

Action                   || total
-------------------------++-------
Melee: Flail             ||   150
  Eat: Bread ration      ||     1
Armor: Scale mail        ||   123
Dodge: Dodged            ||    57
Block: Shield            ||   119
